 Dungeon Crawl Stone Soup version 0.30-a0-757-ga6a79fd877 (webtiles) character file.

Game seed: 16353944838168975715

153 scionoferis the Ducker (level 4, -6/36 HPs)
             Began as a Demigod Hexslinger on Feb 9, 2023.
             Mangled by an orc priest
             ... wielding a +0 flail
              (10 damage)
             ... on level 3 of the Dungeon.
             The game lasted 00:03:27 (1985 turns).

scionoferis the Ducker (Demigod Hexslinger)         Turns: 1985, Time: 00:03:27

Health: -6/36      AC:  3    Str: 11    XL:     4   Next: 88%
Magic:  17/17      EV: 13    Int: 15    God:
Gold:   104        SH:  0    Dex: 18    Spells: 4/5 levels left

rFire   . . .      SeeInvis .    a - +1 sling
rCold   . . .      Faith    .    (no shield)
rNeg    . . .      Spirit   .    c - +0 robe
rPois   +          Reflect  .    (no helmet)
rElec   .          Harm     .    (no cloak)
rCorr   .          Rampage  .    (no gloves)
Will    +....                    n - +0 pair of boots
Stlth   ++                       (no amulet)
HPRegen 0.26/turn                f - ring of Koynagag {Contam rPois Will+ MP+9 Slay+3}
MPRegen 0.15/turn                (no ring)

@: no status effects
A: high MP 1, forlorn, divine attributes
a: no special abilities


You were on level 3 of the Dungeon.
You visited 1 branch of the dungeon, and saw 3 of its levels.

You collected 104 gold pieces.


Innate Abilities, Weirdness & Mutations

You have an increased reservoir of magic. (+10% MP)
You shall have no god before yourself.
Your divine heritage dramatically boosts your attributes as you level up.


   Skills:
 + Level 2.0 Fighting
 * Level 1.6 Long Blades
 - Level 1.7 Ranged Weapons
 * Level 3.4 Dodging
 + Level 1.8 Stealth
 - Level 1.0 Spellcasting
 - Level 2.6 Hexes


You had 4 spell levels left.
You knew the following spells:

 Your Spells              Type           Power      Damage    Failure   Level
a - Slow                  Hex            32%        N/A       9%          1

Your spell library contained the following spells:

 Spells                   Type           Power      Damage    Failure   Level
 Magic Dart               Conj           0%         1d3       24%         1
 Searing Ray              Conj           0%         2d4       36%         2
 Inner Flame              Hex/Fire       4%         N/A       38%         3
 Portal Projectile        Hex/Tloc       8%         N/A       38%         3
 Cause Fear               Hex            4%         N/A       63%         4
 Fulminant Prism          Conj/Hex       2%         3d5       80%         4

Inventory:

Hand Weapons
 a - a +1 sling (weapon)
 j - a +0 dagger
   (You found it on level 2 of the Dungeon)
 m - a +0 short sword
   (You took it off a kobold on level 3 of the Dungeon)
Missiles
 d - 6 atropa-tipped darts
Armour
 c - a +0 robe (worn)
 n - a +0 pair of boots (worn)
   (You found it on level 3 of the Dungeon)
Jewellery
 f - the ring of Koynagag (left hand) {Contam rPois Will+ MP+9 Slay+3}
   (You took it off a goblin on level 2 of the Dungeon)

   [ring of magical power]

   Slay:      It affects your accuracy & damage with ranged weapons and melee
   (+3).
   rPois:     It protects you from poison.
   MP:        It affects your magic capacity (+9).
   Contam:    It causes magical contamination when unequipped.
   Will:      It increases your willpower.
 o - a ring of poison resistance
   (You found it on level 3 of the Dungeon)
Scrolls
 b - 2 scrolls of poison
 e - 2 scrolls of fog {unknown}
 g - 3 scrolls of blinking {unknown}
 h - 2 scrolls of magic mapping {unknown}
Potions
 i - a potion of mutation {unknown}
 k - a potion of brilliance {unknown}
 l - 2 potions of ambrosia {unknown}

Dungeon Overview and Level Annotations

Branches:
Dungeon (3/15)

#.......)..#
#..........# ..
#.......... ..#
#.......#+# ..
#..)....#.# ..#
#.......#(###..
##............ .
###..........####....
#............@o...)..
#...........#####....
#...........### .
##............#
#..###.......## #..#
#........# #..#
#......#.##
#..###......#..##
#...........+...#


You could see an orc priest.


Message History

Welcome, scionoferis the Demigod Hexslinger.
It is said that the Orb of Zot exists deep within this dungeon.
Press ? for a list of commands and other information.
Found 6 atropa-tipped darts.
Found a staircase leading out of the dungeon.
You see here 6 atropa-tipped darts.
d - 6 atropa-tipped darts
Found a stone staircase leading down.
There is a stone staircase leading down here.
A goblin comes into view. It is wielding a +0 club.
You shoot a sling bullet.
The sling bullet hits the goblin but does no damage.
The goblin shouts!
You shoot a sling bullet.
The sling bullet barely misses the goblin.
You shoot a sling bullet.
The sling bullet closely misses the goblin.
The goblin hits you with a +0 club. The goblin misses you.
You shoot a sling bullet.
The sling bullet closely misses the goblin.
The goblin hits you but does no damage.
You shoot a sling bullet. The sling bullet hits the goblin.
You kill the goblin!
No target in view!
No target in view!
An endoplasm comes into view.
You shoot a sling bullet.
The sling bullet hits the endoplasm but does no damage.
You shoot a sling bullet. The sling bullet hits the endoplasm.
You kill the endoplasm!
Your Fighting skill increases to level 1!
No target in view!
No target in view!
A goblin comes into view. It is wielding a +0 club.
The goblin shouts!
You shoot a sling bullet. The sling bullet hits the goblin.
You kill the goblin!
Your Dodging skill increases to level 2!
No target in view!
No target in view!
A hobgoblin comes into view.
You shoot a sling bullet.
The sling bullet barely misses the hobgoblin.
You shoot a sling bullet. The sling bullet hits the hobgoblin.
The hobgoblin is moderately wounded.
You shoot a sling bullet. The sling bullet hits the hobgoblin!
You kill the hobgoblin!
No target in view!
No target in view!
A ball python comes into view.
You shoot a sling bullet. The sling bullet hits the ball python.
The ball python hisses angrily.
The ball python is severely wounded.
You shoot a sling bullet.
The sling bullet hits the ball python but does no damage.
The ball python is heavily wounded.
You shoot a sling bullet.
The sling bullet barely misses the ball python.
The ball python bites you but does no damage.
The ball python barely misses you. The ball python closely misses you.
The ball python barely misses you.
You shoot a sling bullet.
The sling bullet barely misses the ball python.
The ball python bites you. The ball python barely misses you.
You shoot a sling bullet. The sling bullet hits the ball python.
You kill the ball python!
No target in view!
No target in view!
HP restored.
Found a faded altar of an unknown god.
A giant cockroach comes into view.
You shoot a sling bullet.
The sling bullet hits the giant cockroach.
The giant cockroach is moderately wounded.
You shoot a sling bullet.
The sling bullet hits the giant cockroach.
You kill the giant cockroach!
No target in view!
No target in view!
A goblin comes into view. It is wielding a +0 club.
The goblin shouts!
You see here a giant cockroach corpse.
You shoot a sling bullet. The sling bullet hits the goblin.
You kill the goblin!
No target in view!
No target in view!
There is a faded altar of an unknown god here.
A quokka comes into view.
You see here 2 scrolls labelled TOF OWEOCINN.
You shoot a sling bullet. The sling bullet hits the quokka.
You kill the quokka!
You have reached level 2!
e - 2 scrolls labelled TOF OWEOCINN You now have 11 gold pieces.
Found a stone staircase leading down.
A rat comes into view.
You shoot a sling bullet. The sling bullet hits the rat.
You kill the rat!
No target in view!
No target in view!
You see here a rat corpse.
Found a robe.
No target in view!
No target in view!
f - a grey potion No target in view!
An endoplasm comes into view.
The endoplasm quivers.
You shoot a sling bullet. The sling bullet hits the endoplasm.
The endoplasm is heavily wounded.
A bat comes into view.
A quokka comes into view.
You shoot a sling bullet. The sling bullet hits the endoplasm.
The endoplasm is almost dead.
The bat hits you but does no damage. The endoplasm freezes you.
You are frozen.
The endoplasm hits you but does no damage.
You shoot a sling bullet.
The sling bullet barely misses the endoplasm.
The sling bullet closely misses the quokka.
The bat barely misses you. The bat hits you but does no damage.
The endoplasm closely misses you. The quokka misses you.
You shoot a sling bullet. The sling bullet hits the endoplasm.
You kill the endoplasm!
The bat hits you but does no damage. The quokka bites you. The bat misses you.
The quokka barely misses you.
You shoot a sling bullet. The sling bullet hits the bat.
You kill the bat!
The quokka bites you. The quokka bites you.
You shoot a sling bullet. The sling bullet hits the quokka.
The quokka is heavily wounded.
The quokka bites you.
You shoot a sling bullet. The sling bullet hits the quokka.
The quokka is almost dead.
The quokka closely misses you. The quokka bites you.
You are too injured to fight recklessly!
You are too injured to fight recklessly!
You are too injured to fight recklessly!
Fire: a) +1 sling
Press: ? - help, Q - select action, (/) - cycle Shift-Dir - straight line, f/p - quokka
Aim: a quokka (almost dead, 43% to hit)
You shoot a sling bullet.
The sling bullet closely misses the quokka.
The quokka closely misses you.
Fire: a) +1 sling
Press: ? - help, Q - select action, (/) - cycle Shift-Dir - straight line, f/p - quokka
Aim: a quokka (almost dead, 43% to hit)
You shoot a sling bullet.
The sling bullet closely misses the quokka.
The quokka bites you. The quokka misses you.
Fire: a) +1 sling
Press: ? - help, Q - select action, (/) - cycle Shift-Dir - straight line, f/p - quokka
Aim: a quokka (almost dead, 43% to hit)
You shoot a sling bullet. The sling bullet hits the quokka.
You kill the quokka!
You now have 16 gold pieces (gained 5).
A bat comes into view.
You see here a +0 robe.
You shoot a sling bullet. The sling bullet hits the bat.
You kill the bat!
No target in view!
No target in view!
Found a stone staircase leading down.
Found a ring mail.
b - 2 scrolls of poison (gained 1)
You pick up a book of Conjurations and begin reading...
You add the spells Magic Dart, Searing Ray and Fulminant Prism to your library.
You see here a +0 ring mail.
You see here a +0 ring mail.
g - 2 scrolls labelled DUACERH VYASCH An endoplasm comes into view.
You shoot a sling bullet. The sling bullet hits the endoplasm.
The endoplasm quivers.
The endoplasm is heavily wounded.
You shoot a sling bullet. The sling bullet hits the endoplasm.
The endoplasm is severely wounded.
You shoot a sling bullet. The sling bullet hits the endoplasm!
You kill the endoplasm!
No target in view!
You now have 24 gold pieces (gained 8).
You now have 36 gold pieces (gained 12).
You now have 41 gold pieces (gained 5).
Done exploring.
There is a stone staircase leading down here.
Unknown command.
You climb downwards.
There is a stone staircase leading up here.
A frilled lizard comes into view.
The frilled lizard hisses angrily.
You shoot a sling bullet.
The sling bullet hits the frilled lizard.
You kill the frilled lizard!
Your Stealth skill increases to level 1!
No target in view!
No target in view!
A dart slug comes into view.
You shoot a sling bullet. The sling bullet hits the dart slug.
The dart slug is moderately wounded.
The dart slug launches a dart at you. The slug dart hits you.
You shoot a sling bullet. The sling bullet hits the dart slug.
The dart slug is heavily wounded.
You shoot a sling bullet.
The sling bullet hits the dart slug but does no damage.
The dart slug is heavily wounded.
The dart slug bites you.
You shoot a sling bullet. The sling bullet hits the dart slug.
The dart slug is almost dead.
The dart slug launches a dart at you. The slug dart hits you.
You shoot a sling bullet. The sling bullet hits the dart slug.
You kill the dart slug!
No target in view!
Search for what [? for help]? d: HP restored.
An endoplasm comes into view.
The endoplasm quivers.
You shoot a sling bullet. The sling bullet hits the endoplasm.
The endoplasm is severely wounded.
You shoot a sling bullet. The sling bullet hits the endoplasm.
You kill the endoplasm!
No target in view!
No target in view!
A kobold comes into view. It is wielding a +0 whip.
You shoot a sling bullet. The sling bullet hits the kobold!
You kill the kobold!
No target in view!
No target in view!
h - a scroll labelled QOOWEF LIUG A bat comes into view.
Found a sapphire potion.
Found a stone staircase leading down.
You shoot a sling bullet.
The sling bullet closely misses the bat.
The bat hits you but does no damage. The bat closely misses you.
You shoot a sling bullet.
The sling bullet closely misses the bat.
The bat misses you. The bat closely misses you.
You shoot a sling bullet. The sling bullet hits the bat.
You kill the bat!
No target in view!
No target in view!
You see here a bat corpse.
Found a spear.
No target in view!
i - a sapphire potion An adder comes into view.
You shoot a sling bullet. The sling bullet hits the adder.
The adder hisses angrily.
The adder is heavily wounded.
You shoot a sling bullet.
The sling bullet hits the adder but does no damage.
The adder is heavily wounded.
You shoot a sling bullet.
The sling bullet barely misses the adder.
You shoot a sling bullet. The sling bullet hits the adder.
You kill the adder!
You have reached level 3!
Your experience leads to a dramatic increase in your attributes!
Increase (S)trength, (I)ntelligence, or (D)exterity?
You feel agile. x4
You see here an adder corpse.
Found a dagger.
Found an inky potion.
Found a scroll labelled QOOWEF LIUG.
You see here a +0 dagger.
j - a +0 dagger You now have 55 gold pieces (gained 14).
k - an inky potion
h - 2 scrolls labelled QOOWEF LIUG (gained 1)
Found a stone staircase leading down.
You see here a +0 flail of protection.
There is a stone staircase leading down here.
You open the door.
A giant cockroach comes into view.
A giant cockroach is nearby!
You shoot a sling bullet.
The sling bullet hits the giant cockroach.
The giant cockroach is moderately wounded.
You shoot a sling bullet.
The sling bullet hits the giant cockroach.
The giant cockroach is severely wounded.
The giant cockroach closely misses you.
You shoot a sling bullet.
The sling bullet closely misses the giant cockroach.
The giant cockroach closely misses you.
You shoot a sling bullet.
The sling bullet completely misses the giant cockroach.
The giant cockroach closely misses you.
The giant cockroach bites you but does no damage.
You shoot a sling bullet.
The sling bullet hits the giant cockroach.
You kill the giant cockroach!
No target in view!
There is an open door here.
You open the door.
There is an open door here.
An adder comes into view.
The adder moves out of view.
The adder hisses angrily.
You shoot a sling bullet.
The sling bullet closely misses the adder.
You shoot a sling bullet.
The sling bullet closely misses the adder.
You shoot a sling bullet.
The sling bullet barely misses the adder.
A goblin comes into view. It is wielding a +0 club.
The goblin moves out of view.
You shoot a sling bullet.
The sling bullet closely misses the adder.
The adder bites you but does no damage. The adder bites you.
You shoot a sling bullet.
The sling bullet barely misses the adder.
The adder closely misses you. The adder bites you.
You shoot a sling bullet. The goblin shouts!
The sling bullet hits the adder.
The adder is heavily wounded.
The adder bites you. The adder bites you but does no damage.
You shoot a sling bullet.
The sling bullet completely misses the adder.
The adder bites you.
You are poisoned.
The adder poisons you!
You shoot a sling bullet.
The sling bullet closely misses the adder.
You feel sick. The adder misses you. The adder barely misses you.
You shoot a sling bullet. The sling bullet hits the adder.
The adder is almost dead.
You feel sick. The adder closely misses you. The adder barely misses you.
You shoot a sling bullet. The sling bullet hits the adder.
You kill the adder!
You feel sick.
You shoot a sling bullet.
The sling bullet barely misses the goblin.
You feel sick. The goblin completely misses you.
You shoot a sling bullet.
The sling bullet barely misses the goblin.
You feel sick.
You are no longer poisoned.
The goblin barely misses you. The goblin hits you but does no damage.
You shoot a sling bullet. The sling bullet misses the goblin.
The goblin hits you with a +0 club.
You shoot a sling bullet. The sling bullet hits the goblin!
You kill the goblin!
No target in view!
No target in view!
Things that are here:
a +0 club; a goblin corpse; an adder corpse You open the door.
There is an open door here.
You open the door.
There is an open door here.
l - a murky sapphire potion
There is a stone staircase leading down here.
A quokka comes into view.
You shoot a sling bullet. The sling bullet hits the quokka.
You kill the quokka!
No target in view!
No target in view!
A bat comes into view.
The bat moves out of view.
A bat and a giant cockroach come into view.
You shoot a sling bullet.
The sling bullet hits the giant cockroach.
You kill the giant cockroach!
You shoot a sling bullet. The sling bullet hits the bat.
You kill the bat!
No target in view!
No target in view!
A bat comes into view.
A bat is nearby!
You shoot a sling bullet. The sling bullet hits the bat.
You kill the bat!
No target in view!
No target in view!
No target in view!
A frilled lizard comes into view.
The frilled lizard hisses angrily.
You shoot a sling bullet.
The sling bullet misses the frilled lizard.
You hear an angry hiss.
You shoot a sling bullet.
The sling bullet barely misses the frilled lizard.
You hear an angry hiss.
You shoot a sling bullet.
The sling bullet misses the frilled lizard.
A frilled lizard comes into view.
You shoot a sling bullet.
The sling bullet barely misses the frilled lizard.
The sling bullet hits the frilled lizard.
The frilled lizard is heavily wounded.
You shoot a sling bullet.
The sling bullet completely misses the frilled lizard.
The frilled lizard bites you but does no damage.
You shoot a sling bullet.
The sling bullet hits the frilled lizard!
You kill the frilled lizard!
The frilled lizard misses you.
You shoot a sling bullet.
The sling bullet hits the frilled lizard!
You kill the frilled lizard!
No target in view!
No target in view!
You see here a frilled lizard corpse.
An endoplasm comes into view.
You shoot a sling bullet. The sling bullet hits the endoplasm.
The endoplasm is heavily wounded.
You shoot a sling bullet. The sling bullet hits the endoplasm.
The endoplasm is heavily wounded.
You shoot a sling bullet. The sling bullet hits the endoplasm.
You kill the endoplasm!
No target in view!
An adder comes into view.
You shoot a sling bullet. The sling bullet hits the adder.
The adder hisses angrily.
The adder is lightly wounded.
You shoot a sling bullet. The sling bullet hits the adder!
The adder is almost dead.
You shoot a sling bullet. The sling bullet hits the adder.
The adder is almost dead.
The adder barely misses you. The adder misses you.
You shoot a sling bullet. The sling bullet hits the adder!
You kill the adder!
No target in view!
Jessica the Apprentice Sorceress comes into view.
She is wielding a +0 dagger.
Jessica shouts!
You shoot a sling bullet.
The sling bullet completely misses Jessica.
You shoot a sling bullet. The sling bullet hits Jessica.
Jessica is moderately wounded.
Jessica mumbles some strange words.
Jessica blinks!
You shoot a sling bullet.
The sling bullet closely misses Jessica.
You shoot a sling bullet. The sling bullet hits Jessica.
Jessica is almost dead.
You shoot a sling bullet. The sling bullet barely misses Jessica.
Jessica points at you and mumbles some strange words.
You resist with some effort.
You shoot a sling bullet.
The sling bullet closely misses Jessica.
Jessica casts a spell.
Jessica blinks!
You shoot a sling bullet.
The sling bullet closely misses Jessica.
Jessica points at you and mumbles some strange words.
You resist with some effort.
You shoot a sling bullet. The sling bullet hits Jessica.
You kill Jessica!
Your Long Blades skill increases to level 1!
Your Dodging skill increases to level 3!
You have reached level 4!
Things that are here:
a +0 dagger; a +0 robe
Found a stone staircase leading down.
A ball python comes into view.
You shoot a sling bullet. The sling bullet hits the ball python!
You kill the ball python!
No target in view!
No target in view!
g - 3 scrolls labelled DUACERH VYASCH (gained 1)
You see here a giant cockroach corpse.
An adder comes into view.
The adder hisses angrily.
You hear an angry hiss.
The adder moves out of view.
An adder comes into view.
You shoot a sling bullet.
The sling bullet barely misses the adder.
The sling bullet closely misses the adder.
The adder hisses angrily.
You shoot a sling bullet. The sling bullet hits the adder.
The adder is lightly wounded.
The adder misses you.
You shoot a sling bullet.
The sling bullet hits the adder but does no damage.
The adder is lightly wounded.
The adder barely misses you. x2
You shoot a sling bullet.
The sling bullet closely misses the adder. x2
The adder bites you but does no damage. The adder barely misses you.
You shoot a sling bullet.
The sling bullet closely misses the adder.
The sling bullet barely misses the adder.
The adder closely misses you. The adder barely misses you.
You shoot a sling bullet. The sling bullet hits the adder.
The adder is moderately wounded.
The adder bites you.
You shoot a sling bullet.
The sling bullet closely misses the adder.
The sling bullet misses the adder.
The adder closely misses you. The adder bites you but does no damage.
You shoot a sling bullet. The sling bullet misses the adder. x2
The adder bites you but does no damage. The adder bites you.
You shoot a sling bullet. The sling bullet hits the adder!
The adder is almost dead.
The adder bites you.
You are poisoned.
The adder poisons you!
You shoot a sling bullet. The sling bullet misses the adder.
The sling bullet barely misses the adder.
You feel very sick. The adder bites you.
You are more poisoned.
The adder poisons you! The adder closely misses you.
You shoot a sling bullet. The sling bullet hits the adder.
You kill the adder!
You feel very sick. The adder bites you.
You shoot a sling bullet. The sling bullet misses the adder.
You feel very sick. The adder bites you. x2
You are too injured to fight recklessly!
You are too injured to fight recklessly!
You are too injured to fight recklessly!
It was a potion of flight.
You feel very buoyant.
You fly up into the air.
You feel sick. The adder closely misses you.
It was a potion of curing.
You feel better. The adder barely misses you.
You shoot a sling bullet.
The sling bullet barely misses the adder.
The adder bites you. The adder bites you but does no damage.
You are too injured to fight recklessly!
You are too injured to fight recklessly!
You are too injured to fight recklessly!
You are too injured to fight recklessly!
Fire: a) +1 sling
Press: ? - help, Q - select action, (/) - cycle Shift-Dir - straight line, f/p - adder
Aim: an adder (40% to hit)
You shoot a sling bullet.
The sling bullet closely misses the adder.
The adder barely misses you. The adder closely misses you.
Fire: a) +1 sling
Press: ? - help, Q - select action, (/) - cycle Shift-Dir - straight line, f/p - adder
Aim: an adder (40% to hit)
You shoot a sling bullet.
The sling bullet barely misses the adder.
The adder bites you. The adder completely misses you.
Fire: a) +1 sling
Press: ? - help, Q - select action, (/) - cycle Shift-Dir - straight line, f/p - adder
Aim: an adder (40% to hit)
You shoot a sling bullet.
The sling bullet barely misses the adder.
The adder closely misses you.
Fire: a) +1 sling
Press: ? - help, Q - select action, (/) - cycle Shift-Dir - straight line, f/p - adder
Aim: an adder (40% to hit)
You shoot a sling bullet.
The sling bullet hits the adder but does no damage.
The adder closely misses you. x2
Fire: a) +1 sling
Press: ? - help, Q - select action, (/) - cycle Shift-Dir - straight line, f/p - adder
Aim: an adder (40% to hit)
You shoot a sling bullet.
The sling bullet closely misses the adder.
The adder completely misses you. The adder bites you but does no damage.
Fire: a) +1 sling
Press: ? - help, Q - select action, (/) - cycle Shift-Dir - straight line, f/p - adder
Aim: an adder (40% to hit)
You shoot a sling bullet. The sling bullet hits the adder.
The adder is moderately wounded.
The adder bites you but does no damage.
Fire: a) +1 sling
Press: ? - help, Q - select action, (/) - cycle Shift-Dir - straight line, f/p - adder
Aim: an adder (moderately wounded, 40% to hit)
You shoot a sling bullet.
The sling bullet closely misses the adder.
The adder bites you but does no damage. The adder misses you.
Fire: a) +1 sling
Press: ? - help, Q - select action, (/) - cycle Shift-Dir - straight line, f/p - adder
Aim: an adder (moderately wounded, 40% to hit)
You shoot a sling bullet.
The sling bullet hits the adder but does no damage.
The adder is moderately wounded.
The adder barely misses you. The adder bites you.
Fire: a) +1 sling
Press: ? - help, Q - select action, (/) - cycle Shift-Dir - straight line, f/p - adder
Aim: an adder (moderately wounded, 40% to hit)
You shoot a sling bullet. The sling bullet hits the adder.
The adder is almost dead.
The adder bites you.
Fire: a) +1 sling
Press: ? - help, Q - select action, (/) - cycle Shift-Dir - straight line, f/p - adder
Aim: an adder (almost dead, 40% to hit)
You shoot a sling bullet.
The sling bullet barely misses the adder.
You hear a shout!
The adder barely misses you. The adder closely misses you.
Fire: a) +1 sling
Press: ? - help, Q - select action, (/) - cycle Shift-Dir - straight line, f/p - adder
Aim: an adder (almost dead, 40% to hit)
You shoot a sling bullet. The sling bullet hits the adder.
The adder is almost dead.
You hear a shout!
The adder misses you. The adder closely misses you.
Fire: a) +1 sling
Press: ? - help, Q - select action, (/) - cycle Shift-Dir - straight line, f/p - adder
Aim: an adder (almost dead, 40% to hit)
You shoot a sling bullet. The sling bullet hits the adder.
You kill the adder!
A goblin comes into view.
It is wielding a +0 club and wearing the ring of Koynagag {Contam rPois Will+ MP+9 Slay+3}.
Fire: a) +1 sling
Press: ? - help, Q - select action, (/) - cycle Shift-Dir - straight line, f - goblin
Aim: a goblin, wielding a +0 club and wearing the ring of Koynagag {Contam rPois Will+ MP+9 Slay+3} (51% to hit)
You shoot a sling bullet.
The sling bullet closely misses the goblin.
Casting: Slow (safe; 9% risk of failure)
Confirm with . or Enter, or press ? or * to list all spells.
Aiming: Slow (safe; 9% risk of failure)
Press: ? - help, Shift-Dir - straight line, f/p - goblin
Aim: a goblin, wielding a +0 club and wearing the ring of Koynagag {Contam rPois Will+ MP+9 Slay+3} (chance to affect: 25%)
Okay, then.
Unknown command.
Fire: a) +1 sling
Press: ? - help, Q - select action, (/) - cycle Shift-Dir - straight line, f/p - goblin
Aim: a goblin, wielding a +0 club and wearing the ring of Koynagag {Contam rPois Will+ MP+9 Slay+3} (51% to hit)
You shoot a sling bullet. The sling bullet hits the goblin!
You kill the goblin!
Unknown command.
f - the ring of Koynagag {Contam rPois Will+ MP+9 Slay+3} You see here a +0 club.
i - a +0 club You drop a +0 club.
You start resting.
You are starting to lose your buoyancy.
Really put on
f - the ring of Koynagag {Contam rPois Will+ MP+9 Slay+3}?
You feel your magic capacity increase.
You feel a build-up of mutagenic energy.
f - the ring of Koynagag (left hand) {Contam rPois Will+ MP+9 Slay+3} You float gracefully downwards.
HP restored.
Magic restored.
Things that are here:
an adder corpse; an adder corpse
There is an open door here.
There is an open door here.
A kobold comes into view. It is wielding a +0 club.
Found a stone staircase leading up.
The kobold shouts!
You hear an angry hiss.
The kobold throws a stone.
The stone hits you but does no damage.
You shoot a sling bullet.
The sling bullet closely misses the kobold.
The kobold throws a stone.
The stone closely misses you.
You shoot a sling bullet. The sling bullet hits the kobold.
The kobold is moderately wounded.
You shoot a sling bullet.
The sling bullet barely misses the kobold.
You shoot a sling bullet. The sling bullet hits the kobold.
You kill the kobold!
No target in view!
No target in view!
No target in view!
Things that are here:
a +0 club; a stone; a kobold corpse A frilled lizard comes into view.
You see here a staff of fire.
You shoot a sling bullet.
The sling bullet hits the frilled lizard!
You kill the frilled lizard!
No target in view!
No target in view!
Found 6 stones.
No target in view!
You now have 64 gold pieces (gained 9).
You open the door.
There is an open door here.
A goblin comes into view. It is wielding a +0 club.
The goblin shouts!
The goblin unwields a +0 club.
The goblin wields a +0 sling.
The goblin shoots a sling bullet.
The sling bullet hits you.
A goblin is nearby!
You shoot a sling bullet. The sling bullet hits the goblin!
You kill the goblin!
No target in view!
No target in view!
Things that are here:
a +0 sling; a +0 club As you open the door, it creaks loudly!
A goblin, a worm and 2 jackals come into view.
The jackal barks! x2; The goblin shouts!
A jackal comes into view.
You shoot a sling bullet. The sling bullet hits the worm!
The worm is heavily wounded.
You shoot a sling bullet. The sling bullet hits the goblin.
You kill the goblin!
You shoot a sling bullet. The sling bullet hits the jackal.
The jackal is heavily wounded.
The jackal bites you but does no damage.
You shoot a sling bullet.
The sling bullet barely misses the jackal.
The jackal barks!
The sling bullet hits the jackal.
The jackal is almost dead.
The jackal bites you. x2
You shoot a sling bullet.
The sling bullet barely misses the jackal. x2
The sling bullet hits the worm.
The worm is heavily wounded.
The jackal closely misses you. x2
You shoot a sling bullet. The sling bullet hits the jackal!
You kill the jackal!
The jackal bites you but does no damage.
You shoot a sling bullet. The sling bullet hits the jackal!
You kill the jackal!
You shoot a sling bullet.
The sling bullet barely misses the worm.
The sling bullet closely misses the jackal.
You shoot a sling bullet. The sling bullet hits the worm.
The worm is severely wounded.
The worm bites you!
You shoot a sling bullet.
The sling bullet hits the worm but does no damage.
The worm is severely wounded.
The worm closely misses you.
You shoot a sling bullet.
The sling bullet barely misses the worm.
The sling bullet hits the jackal.
You kill the jackal!
You shoot a sling bullet. The sling bullet hits the worm!
You kill the worm!
Your Fighting skill increases to level 2!
No target in view!
No target in view!
Things that are here:
a worm corpse; a jackal corpse; a jackal corpse
Things that are here:
a +0 club; a jackal corpse; a goblin corpse
There is an open door here.
You open the door.
There is an open door here.
Found a stone staircase leading up.
You open the door.
There is an open door here.
There is an open door here.
i - a purple potion Done exploring.
Done exploring.
You see here a +0 flail of protection.
There is a stone staircase leading down here.
Search for what [Enter for "d:", or ? for help]? d: Unknown command.
You climb downwards.
There is a stone staircase leading up here.
Found 3 stones.
An endoplasm comes into view.
The endoplasm quivers.
You shoot a sling bullet.
The sling bullet hits the endoplasm but does no damage.
You shoot a sling bullet. The sling bullet hits the endoplasm.
The endoplasm is moderately wounded.
You shoot a sling bullet. The sling bullet hits the endoplasm!
You kill the endoplasm!
No target in view!
No target in view!
l - 2 murky sapphire potions (gained 1)
Found a stone staircase leading down.
You open the door.
Found a faded altar of an unknown god.
There is an open door here.
Found a burning altar of Makhleb.
There is an open door here.
An adder comes into view.
You shoot a sling bullet. The sling bullet hits the adder!
The adder hisses angrily.
The adder is severely wounded.
You shoot a sling bullet.
The sling bullet closely misses the adder.
You shoot a sling bullet. The sling bullet hits the adder.
You kill the adder!
No target in view!
No target in view!
You open the door. You open the door.
An adder comes into view.
You shoot a sling bullet. The sling bullet hits the adder.
The adder hisses angrily.
The adder is lightly wounded.
You shoot a sling bullet. The sling bullet misses the adder.
You shoot a sling bullet. The sling bullet hits the adder!
The adder is almost dead.
The adder bites you.
You shoot a sling bullet. The sling bullet hits the adder.
You kill the adder!
No target in view!
HP restored.
A kobold comes into view. It is wielding a +0 short sword.
The kobold shouts!
You shoot a sling bullet. The sling bullet hits the kobold.
You kill the kobold!
No target in view!
No target in view!
Found a pair of boots and 5 gold pieces.
You see here a +0 short sword.
m - a +0 short sword
Found 16 gold pieces and 5 stones.
Found 11 gold pieces and a wooden ring.
You see here a +0 pair of boots.
n - a +0 pair of boots You start putting on your armour.
You continue putting on your +0 pair of boots. x4
You finish putting on your +0 pair of boots.
You now have 69 gold pieces (gained 5).
An orc comes into view. It is wielding a +0 dagger.
Found a sling.
You shoot a sling bullet. The sling bullet hits the orc.
The orc shouts!
The orc is lightly wounded.
You shoot a sling bullet. The sling bullet barely misses the orc.
A frilled lizard comes into view.
You shoot a sling bullet. The frilled lizard hisses angrily.
The sling bullet hits the orc.
The orc is heavily wounded.
You shoot a sling bullet. The sling bullet hits the orc!
You kill the orc!
You shoot a sling bullet.
The sling bullet hits the frilled lizard.
You kill the frilled lizard!
No target in view!
No target in view!
No target in view!
o - a ring of poison resistance You now have 80 gold pieces (gained 11).
You now have 90 gold pieces (gained 10).
A ball python comes into view.
Found 8 gold pieces.
You shoot a sling bullet. The sling bullet hits the ball python.
You kill the ball python!
No target in view!
No target in view!
No target in view!
You now have 96 gold pieces (gained 6).
You now have 104 gold pieces (gained 8).
An orc comes into view. It is wielding a +0 short sword.
The orc shouts!
An orc priest comes into view. It is wielding a +0 flail.
You shoot a sling bullet. The orc priest shouts!
The sling bullet hits the orc.
The orc is heavily wounded.
The orc priest calls down the wrath of Beogh upon you.
Beogh smites you!
An orc comes into view. It is wielding a +0 dagger.
You shoot a sling bullet. The orc shouts!
The sling bullet hits the orc.
The orc is severely wounded.
An orc comes into view. It is wielding a +0 short sword.
An endoplasm comes into view.
You shoot a sling bullet.
The sling bullet closely misses the orc.
The endoplasm quivers.
The sling bullet hits the orc.
You kill the orc!
The orc priest calls upon Beogh to heal the orc.
The orc's wounds heal themselves!
You shoot a sling bullet.
The sling bullet closely misses the orc.
The sling bullet hits the orc!
You kill the orc!
You shoot a sling bullet. The sling bullet hits the orc.
The orc is lightly wounded.
The orc hits you but does no damage.
You shoot a sling bullet. The sling bullet hits the orc!
You kill the orc!
The endoplasm jiggles.
You shoot a sling bullet. The sling bullet hits the orc priest.
The orc priest is heavily wounded.
The orc priest misses you.
You shoot a sling bullet. The sling bullet hits the orc priest.
The orc priest is heavily wounded.
The orc priest closely misses you.
You shoot a sling bullet.
The sling bullet completely misses the orc priest.
The sling bullet hits the endoplasm!
You kill the endoplasm!
The orc priest hits you with a +0 flail! x2
* * * LOW HITPOINT WARNING * * *
You are too injured to fight recklessly!
You are too injured to fight recklessly!
You are too injured to fight recklessly!
You are too injured to fight recklessly!
Fire: a) +1 sling
Press: ? - help, Q - select action, (/) - cycle Shift-Dir - straight line, f/p - orc priest
Aim: an orc priest, wielding a +0 flail (heavily wounded, 64% to hit)
You shoot a sling bullet.
The sling bullet closely misses the orc priest.
The orc priest calls down the wrath of Beogh upon you.
Pain shoots through your body!
* * * LOW HITPOINT WARNING * * *
Fire: a) +1 sling
Press: ? - help, Q - select action, (/) - cycle Shift-Dir - straight line, f/p - orc priest
Aim: an orc priest, wielding a +0 flail (heavily wounded, 64% to hit)
You shoot a sling bullet. The sling bullet hits the orc priest.
The orc priest is severely wounded.
The orc priest closely misses you.
Fire: a) +1 sling
Press: ? - help, Q - select action, (/) - cycle Shift-Dir - straight line, f/p - orc priest
Aim: an orc priest, wielding a +0 flail (severely wounded, 64% to hit)
You shoot a sling bullet.
The sling bullet completely misses the orc priest.
The orc priest closely misses you.
The orc priest hits you with a +0 flail!
You die...

Skill      XL: |  1  2  3  4 |
---------------+-------------+-----
Fighting       | 1 2 |  2.0
Dodging        | 2 3 |  3.4
Stealth        | 1 |  1.8
Long Blades    | 1 |  1.6
Ranged Weapons | |  1.7
Spellcasting   | |  1.0
Hexes          | |  2.6

Action                     |  1- 3 |  4- 6 || total
---------------------------+-------+-------++-------
   Fire: Sling             |    96 |    75 ||   171
    Use: Potion            |       |     2 ||     2
 Armour: Robe              |    12 |    11 ||    23
  Dodge: Dodged            |    29 |    31 ||    60

Levels and vault maps discovered:
D:1:      roderic_dead_forest, layout_loops_ring, basic_ecumenical_altar,
          minmay_distorted
D:2:      layout_loops_corners, uniq_jessica
D:3:      layout_basic, nicolae_overflow_ecumenical_swirl,
          mainiacjoe_overflow_big_doors

Notes
Turn   | Place    | Note
-------+----------+-------------------------------------------
     0 | D:1      | scionoferis the Demigod Hexslinger began the quest for the
                  | Orb.
     0 | D:1      | Reached XP level 1. HP: 15/15 MP: 4/4
    86 | D:1      | Reached skill level 1 in Fighting
   100 | D:1      | Reached skill level 2 in Dodging
   181 | D:1      | Reached XP level 2. HP: 23/23 MP: 5/5
   699 | D:2      | Reached skill level 1 in Stealth
   821 | D:2      | Reached XP level 3. HP: 28/28 MP: 6/6
  1245 | D:2      | Noticed Jessica
  1253 | D:2      | Killed Jessica
  1254 | D:2      | Reached skill level 1 in Long Blades
  1254 | D:2      | Reached skill level 3 in Dodging
  1254 | D:2      | Reached XP level 4. HP: 36/36 MP: 8/8
  1351 | D:2      | Identified the ring of Koynagag {Contam rPois Will+ MP+9
                  | Slay+3}
  1614 | D:2      | Reached skill level 2 in Fighting
  1983 | D:3      | HP: 3/36 [orc priest/nerve-wracking pain (6)]
  1985 | D:3      | Mangled by an orc priest

Vanquished Creatures
  Jessica (D:2)
  7 adders (D:2 D:3)
  A worm (D:2)
  A dart slug (D:2)
  4 orcs (D:3)
  3 ball pythons (D:1 D:2 D:3)
  5 bats (D:1 D:2)
  7 endoplasms (D:1 D:2 D:3)
  3 giant cockroaches (D:1 D:2)
  7 goblins (D:1 D:2)
  A hobgoblin (D:1)
  3 jackals (D:2)
  3 quokkas (D:1 D:2)
  5 frilled lizards (D:2 D:3)
  3 kobolds (D:2 D:3)
  A rat (D:1)
55 creatures vanquished.

Table legend: (Time is in decaauts)
 A = Elapsed time spent in this place.
 B = Non-inter-level travel time spent in this place.
 C = Inter-level travel time spent in this place.
 D = Time resting spent in this place.
 E = Time spent auto-exploring this place.
 F = Levels seen in this place.
 G = Mean time per level.
                   A        B        C        D        E       F      G
               +--------+--------+--------+--------+--------+-----+--------+
         Total |   2037 |   1988 |     49 |     18 |   1618 |   3 |  679.0 |
       Dungeon |   2037 |   1988 |     49 |     18 |   1618 |   3 |  679.0 |
               +--------+--------+--------+--------+--------+-----+--------+

Top non-repeatable levels by time:
     D:2: 1130 daAuts
     D:1: 705 daAuts
     D:3: 201 daAuts

Table legend:
 A = Non-vault XP
 B = Vault XP
 C = Vault XP percentage of total XP
 D = Non-vault monster count
 E = Vault monster count
 F = Vault count percentage of total count
                 A         B        C        D         E       F
            +---------+---------+-------+---------+---------+-------
      Total |     178 |      41 |  18.7 |      52 |       3 |   5.5
            +---------+---------+-------+---------+---------+-------
        D:1 |      22 |       4 |  15.4 |      12 |       2 |  14.3
        D:2 |     109 |      37 |  25.3 |      29 |       1 |   3.3
        D:3 |      47 |       0 |   0.0 |      11 |       0 |   0.0
            +---------+---------+-------+---------+---------+-------
